 Dungeon Crawl Stone Soup version 0.31-a0-1237-gabc64e778c (webtiles) character file.

Game seed: 12750465665289991962

732 Maratek the Trooper (level 7, -3/53 (55) HPs)
             Began as a Demonspawn Gladiator on Dec 15, 2023.
             Slain by Duvessa
             ... wielding a +1 rapier of holy wrath
              (16 damage)
             ... on level 4 of the Dungeon.
             The game lasted 00:05:07 (2363 turns).

Maratek the Trooper (Demonspawn Gladiator)          Turns: 2363, Time: 00:05:07

HP:   -3/53 (55)    AC:  6    Str: 16    XL:     7   Next: 45%
MP:   16/16         EV: 13    Int: 12    God:
Gold: 333           SH:  0    Dex: 15    Spells: 5/6 levels left

rFire   . . .        i - +6 falchion of Moderation {heavy, Int+4}
rCold   . . .        (no shield)
rNeg    . . .        b - +0 leather armour
rPois   .            c - +0 helmet
rElec   .            (no cloak)
rCorr   .            (no gloves)
SInv    .            (no boots)
Will    .....        m - amulet of magic regeneration
Stlth   +            j - ring of magical power
HPRegen 0.28/turn    (no ring)
MPRegen 0.55/turn

%: no passive effects
@: on berserk cooldown, slowed, lightly drained, very slow
A: yellow scales 1, ignite blood 2, spiny 1
a: no special abilities


You were on level 4 of the Dungeon.
You visited 1 branch of the dungeon, and saw 4 of its levels.
You also visited: Sewer.

You collected 333 gold pieces.

Inventory:

Hand Weapons
 i - the +6 falchion of Moderation (weapon) {heavy, Int+4}
   (You took it off a hobgoblin on level 3 of the Dungeon)

   Int+4:     It affects your intelligence (+4).
Missiles
 d - 3 throwing nets
 e - 4 javelins
Armour
 b - a +0 leather armour (worn)
 c - a +0 helmet (worn)
Jewellery
 j - a ring of magical power (left hand)
 m - an amulet of magic regeneration (around neck)
Scrolls
 f - 2 scrolls of teleportation
 h - a scroll of fear
 o - a scroll of identify {unknown}
Potions
 a - a potion of mutation {unknown}
 g - 3 potions of haste {unknown}
 k - a potion of heal wounds {unknown}
 l - a potion of berserk rage
 n - a potion of invisibility {unknown}


   Skills:
 * Level 4.6 Fighting
 * Level 3.0 Long Blades
 - Level 3.4 Polearms
 + Level 3.5 Throwing
 + Level 2.0 Armour
 + Level 4.1 Dodging


You had 5 spell levels left.
You knew the following spells:

 Your Spells              Type           Power      Damage    Failure   Level
a - Shock                 Conj/Air       0%         1d3       38%         1

Your spell library contained the following spells:

 Spells                   Type           Power      Damage    Failure   Level
 Apportation              Tloc           0%         N/A       38%         1
 Slow                     Hex            0%         N/A       38%         1
 Jinxbite                 Hex            0%         N/A       52%         2
 Sublimation of Blood     Necr           0%         N/A       52%         2
 Wereblood                Tmut           0%         N/A       52%         2
 Confusing Touch          Hex            0%         N/A       77%         3
 Sigil of Binding         Hex            0%         N/A       77%         3
 Swiftness                Air            0%         N/A       77%         3
 Vampiric Draining        Necr           0%         2d6       77%         3
 Airstrike                Air            0%         2d(0-16)  99%         4
 Alistair's Intoxication  Tmut/Pois      0%         N/A       100%        5
 Summon Hydra             Summ           0%         N/A       100%        7


Dungeon Overview and Level Annotations

Branches:
Dungeon (4/15)              Sewer (visited)
 Temple: D:4-7

Altars:
Fedhas
Kikubaaqudgha
Makhleb
Nemelex Xobeh
Uskayaw

Shops:
D:2 *

Annotations:
D:4 Dowan, Duvessa


Innate Abilities, Weirdness & Mutations

You are partially covered in yellow scales. (AC +2)
Your demonic aura often causes spilled blood to erupt in flames.
You are partially covered in sharp spines.


Message History

You convulse.
Read: 2 scrolls of fear
Press: ? - help, Q - select action, (/) - cycle Dir - look around, f - activate Look: Dowan, wielding a +0 dagger and wearing a +0 robe (chance to affect: 97%)
As you read the scroll of fear, it crumbles to dust.
You assume a fearsome visage.
Duvessa looks frightened!
Dowan looks frightened!
Dowan gestures wildly while chanting.
Dowan blinks!
A red film seems to cover your vision as you go berserk!
You feel yourself moving faster!
You feel mighty!
Dowan casts a spell.
Dowan blinks!
You are too injured to fight recklessly!
Found 14 gold pieces.
Dowan gestures wildly while chanting.
Dowan blinks!
You feel a strong urge to attack something.
Duvessa begs for mercy.
You feel your anger nearly subside.
Dowan casts a spell.
Dowan blinks!
You are no longer berserk.
You are exhausted.
You feel yourself slow down.
You barely miss Duvessa.
Duvessa is moderately wounded.
Dowan casts a spell.
Dowan blinks!
You see here 14 gold pieces.
Duvessa shouts, "No!
I'll never do that again!"
Duvessa seems to regain her courage.
Duvessa says, "When magic and the sword combine, nothing stands against them."
You are no longer glowing.
You slash Duvessa!
Duvessa is heavily wounded.
Duvessa hits you with a +1 rapier of holy wrath!
* * * LOW HITPOINT WARNING * * *
You convulse!
You die...

### #### ######.##
.... #$....@ยง# ...
#.#...e..#
##.#####.#.##...#
#........#......#
####..####..#..##..#
............#..##..#
##.#..#............#
##.#..##......######
...#..).....#.#


You could see Duvessa.

Vanquished Creatures
  Sigmund (D:4)
  A crocodile (Sewer)
  A black bear (D:4)
  A brain worm (Sewer)
  A scorpion (D:4)
  A hound (D:4)
  A sleepcap (D:4)
  Jessica (D:2)
  2 iguanas
  2 adders (D:2)
  3 dart slugs
  3 orcs
  7 endoplasms
  4 giant cockroaches
  5 goblins
  4 hobgoblins
  7 jackals
  8 kobolds
  4 quokkas
  5 ball pythons
  5 bats
  4 frilled lizards
  5 rats
76 creatures vanquished.

Vanquished Creatures (collateral kills)
  2 orc wizards (D:3)
  An orc (D:3)
3 creatures vanquished.

Grand Total: 79 creatures vanquished

Notes
Turn   | Place    | Note
-------+----------+-------------------------------------------
     0 | D:1      | Maratek the Demonspawn Gladiator began the quest for the
                  | Orb.
     0 | D:1      | Reached XP level 1. HP: 16/16 MP: 1/1
   185 | D:1      | Gained mutation: You are partially covered in sharp spines.
                  | [demonic ancestry]
   185 | D:1      | Reached XP level 2. HP: 22/22 MP: 2/2
   803 | D:2      | Gained mutation: Your demonic aura sometimes causes spilled
                  | blood to erupt in flames. [demonic ancestry]
   803 | D:2      | Reached XP level 3. HP: 28/28 MP: 3/3
   874 | D:2      | Reached XP level 4. HP: 29/34 MP: 4/4
   907 | D:2      | Found a blossoming altar of Fedhas.
  1060 | D:2      | Found Weckommu's Assorted Antiques.
  1061 | D:2      | Noticed Jessica
  1067 | D:2      | Killed Jessica
  1427 | D:3      | Found a faded altar of an unknown god.
  1441 | D:3      | Found a burning altar of Makhleb.
  1445 | D:3      | Prayed at the altar of an unknown god.
  1445 | D:3      | Became a worshipper of Nemelex Xobeh the Trickster
  1445 | D:3      | Reached * piety under Nemelex Xobeh
  1445 | D:3      | Received a gift from Nemelex Xobeh
  1459 | D:3      | Found a blossoming altar of Fedhas.
  1460 | D:3      | Found an ancient bone altar of Kikubaaqudgha.
  1527 | D:3      | Identified the +6 falchion of Moderation {heavy, Int+4}
  1683 | D:3      | Found a hide-covered altar of Uskayaw.
  1700 | D:3      | Gained mutation: Your demonic aura often causes spilled
                  | blood to erupt in flames. [demonic ancestry]
  1700 | D:3      | Reached XP level 5. HP: 41/41 MP: 5/5
  1859 | D:4      | Noticed a black bear
  1861 | D:4      | Noticed Sigmund
  1866 | D:4      | Reached skill level 1 in Long Blades
  1872 | D:4      | Killed a black bear
  1873 | D:4      | Reached skill level 1 in Armour
  1873 | D:4      | Reached XP level 6. HP: 32/48 MP: 6/6
  1882 | D:4      | Killed Sigmund
  2039 | D:4      | Found a glowing drain.
  2052 | D:4      | Gained mutation: You are partially covered in yellow
                  | scales. (AC +2) [demonic ancestry]
  2052 | D:4      | Reached XP level 7. HP: 45/54 MP: 7/7
  2053 | Sewer    | Entered a sewer
  2057 | Sewer    | Fell from the grace of Nemelex Xobeh
  2147 | Sewer    | Learned a level 1 spell: Shock
  2339 | D:4      | Noticed Duvessa
  2340 | D:4      | Noticed Dowan
  2363 | D:4      | Slain by Duvessa

Illustrated notes

Levels and vault maps discovered:
D:1:      dpeg_arrival_tiny_g, layout_loops_ring, chequers_serial_rivers_marsh
D:2:      layout_basic, serial_shops, nicolae_shop_crystal, basic_altar,
          uniq_jessica
D:3:      layout_rooms, grunt_temple_overflow_growth_and_decay,
          mainiacjoe_overflow_small_starburst, overflow_temple_1_default,
          dreamdust_ecumenical_altar_statues, minmay_fractal_squares_5
D:4:      layout_loops_cross, mainiacjoe_sewer_entry_somewhere_in_here_1,
          uniq_crazy_yiuf_cottage, uniq_sigmund, uniq_duvessa

Skill      XL: |  1  2  3  4  5  6  7 |
---------------+----------------------+-----
Throwing       | 2 3 |  3.5
Dodging        | 3 4 |  4.1
Polearms       | 3 |  3.4
Fighting       | 3 4 |  4.6
Long Blades    | 1 2 3 |  3.0
Armour         | 1 2 |  2.0

Action                     |  1- 3 |  4- 6 |  7- 9 || total
---------------------------+-------+-------+-------++-------
  Melee: Trident           |    57 |    38 |       ||    95
         Falchion          |       |    22 |    17 ||    39
   Cast: Shock             |       |       |     1 ||     1
 Invoke: Draw Destruction  |       |     2 |       ||     2
         Draw Summoning    |       |     2 |       ||     2
         Renounce Religion |       |       |     1 ||     1
    Use: Scroll            |     5 |     3 |     1 ||     9
         Potion            |       |       |     1 ||     1
   Stab: Sleeping          |     3 |     4 |     1 ||     8
 Armour: Leather armour    |    16 |    25 |    11 ||    52
  Dodge: Dodged            |    19 |    42 |    11 ||    72

Table legend: (Time is in decaauts)
 A = Elapsed time spent in this place.
 B = Non-inter-level travel time spent in this place.
 C = Inter-level travel time spent in this place.
 D = Time resting spent in this place.
 E = Time spent auto-exploring this place.
 F = Levels seen in this place.
 G = Mean time per level.
                   A        B        C        D        E       F      G
               +--------+--------+--------+--------+--------+-----+--------+
         Total |   2422 |   2372 |     50 |    133 |   1741 |   5 |  484.4 |
       Dungeon |   2302 |   2252 |     50 |    133 |   1681 |   4 |  575.5 |
         Sewer |    120 |    120 |      0 |      0 |     60 |   1 |  120.0 |
               +--------+--------+--------+--------+--------+-----+--------+

Top non-repeatable levels by time:
     D:1: 735 daAuts
     D:2: 703 daAuts
     D:4: 436 daAuts
     D:3: 426 daAuts
   Sewer: 120 daAuts
